 Dungeon Crawl Stone Soup version 0.30.0 (webtiles) character file.

Game seed: 5191261907443029369

249 Minorbread the Magician (level 5, 0/28 HPs)
             Began as a Deep Elf Earth Elementalist on May 24, 2023.
             Slain by a kobold
             ... wielding a +2 short sword of electrocution
              (1 damage)
             ... in a sewer.
             The game lasted 00:04:33 (3123 turns).

Minorbread the Magician (DEEE)                      Turns: 3123, Time: 00:04:34

Health: 0/28       AC:  4    Str:  5    XL:     5   Next: 87%
Magic:  10/14      EV: 12    Int: 22    God:
Gold:   159        SH:  0    Dex: 15    Spells: 10/14 levels left

rFire   . . .        (no weapon)
rCold   . . .        (no shield)
rNeg    . . .        a - +0 robe
rPois   .            (no helmet)
rElec   .            (no cloak)
rCorr   .            q - +1 pair of gloves
SInv    +            (no boots)
Will    .....        f - amulet of regeneration
Stlth   ++           h - ring of see invisible
HPRegen 1.04/turn    (no ring)
MPRegen 0.14/turn

%: no passive effects
@: lethally poisoned (0 -> 0)
A: no striking features
a: no special abilities


You were in a sewer.
You visited 1 branch of the dungeon, and saw 4 of its levels.
You also visited: Sewer.

You collected 159 gold pieces.

Inventory:

Armour
 a - a +0 robe (worn)
 q - a +1 pair of gloves (worn)
Jewellery
 f - an amulet of regeneration (around neck)
 h - a ring of see invisible (left hand)
Wands
 k - a wand of flame (18)
Scrolls
 e - 6 scrolls of identify {unknown}
Potions
 b - a potion of magic
 c - 3 potions of heal wounds
 d - 3 potions of degeneration {unknown}
 i - a potion of curing {unknown}
 j - a potion of flight {unknown}
 n - a potion of ambrosia {unknown}
 o - a potion of brilliance {unknown}


   Skills:
 - Level 2.4 Dodging
 - Level 2.4 Stealth
 - Level 5.0 Spellcasting
 + Level 3.4 Conjurations
 - Level 2.0 Transmutations
 - Level 5.0 Earth Magic


You had 10 spell levels left.
You knew the following spells:

 Your Spells              Type           Power      Damage    Failure   Level
a - Sandblast             Erth           54%        2d13      1%          1
b - Stone Arrow           Conj/Erth      48%        3d10      5%          3

Your spell library contained the following spells:

 Spells                   Type           Power      Damage    Failure   Level
 Passwall                 Tmut/Erth      16%        N/A       3%          2
 Petrify                  Tmut/Erth      20%        N/A       24%         4


Dungeon Overview and Level Annotations

Branches:
Dungeon (4/15)              Sewer (1/1)
 Temple: D:4-7

Altars:

Shops:
D:2 (   D:3 ::

Annotations:
D:2 Terence
D:3 exclusion: black bear


Message History

Press: ? - help, Shift-Dir - straight line, f/p - kobold brigand
Aim: a kobold brigand, wielding a +0 whip and quivering curare-tipped darts (almost dead, 79% to hit)
The blast of sand hits the kobold brigand!
You kill the kobold brigand!
You feel sick. The kobold hits you with a +0 dagger.
* * * LOW HITPOINT WARNING * * *
Training target 5.0 for Earth Magic reached!
Your Conjurations skill increases to level 3!
Your Earth Magic skill increases to level 5!
It was a potion of heal wounds.
You feel much better.
You feel sick. The kobold barely misses you. The kobold misses you.
The kobold throws a poisoned dart.
The poisoned dart hits you!
You are more poisoned.
The kobold misses you.
Casting: Sandblast (safe; 1% risk of failure)
Confirm with . or Enter, or press ? or * to list all spells.
Aiming: Sandblast (safe; 1% risk of failure)
Press: ? - help, Shift-Dir - straight line, f - kobold
Aim: a kobold, wielding a +0 dagger and quivering stones (79% to hit)
The blast of sand hits the kobold.
You kill the kobold!
You feel very sick. The kobold closely misses you.
The kobold hits you with a +2 short sword of electrocution.
You are electrocuted!
Ouch! That really hurt!
* * * LOW HITPOINT WARNING * * *
The kobold hits you with a +0 short sword.
* * * LOW HITPOINT WARNING * * *
The kobold completely misses you. The kobold closely misses you.
Casting: Sandblast (safe; 1% risk of failure)
Confirm with . or Enter, or press ? or * to list all spells.
Aiming: Sandblast (safe; 1% risk of failure)
Press: ? - help, Shift-Dir - straight line, f - kobold
Aim: a kobold, wielding a +0 short sword and quivering poisoned darts (79% to hit)
The blast of sand hits the kobold!
You kill the kobold!
You feel sick. The kobold hits you but does no damage.
The kobold hits you with a +2 short sword of electrocution.
You die...

~. ~~~
#################~~~
#≈~~~~~~~~~~~~~~~~~~
#≈≈~≈≈≈≈≈~≈≈≈≈≈~≈≈≈≈
#≈~~~~~~~~~~~~~~~~~~
###'########~~######
#...#....#)P~~P~P.P.
#.∩.#!∩.?)@.~P~~....
#.∩.#..?.KK.........
#####...!#..........
########........
#.##..... ### #####


You could see 2 kobolds.

Vanquished Creatures
  A kobold brigand (Sewer)
  Natasha (thrice) (D:3)
  3 gnolls (D:3)
  6 dart slugs
  An orc (D:3)
  4 bats
  6 endoplasms
  6 giant cockroaches
  2 goblins
  6 hobgoblins
  9 kobolds
  6 quokkas
  6 ball pythons
  5 frilled lizards
64 creatures vanquished.

Notes
Turn   | Place    | Note
-------+----------+-------------------------------------------
     0 | D:1      | Minorbread the Deep Elf Earth Elementalist began the quest
                  | for the Orb.
     0 | D:1      | Reached XP level 1. HP: 10/10 MP: 6/6
   140 | D:1      | Reached XP level 2. HP: 15/15 MP: 5/8
   993 | D:2      | Reached XP level 3. HP: 19/19 MP: 5/10
  1054 | D:2      | Learned a level 3 spell: Stone Arrow
  1368 | D:2      | Noticed Terence
  1427 | D:2      | Found Xayget's Antique Weapon Shoppe.
  1739 | D:3      | Reached skill level 1 in Conjurations
  1742 | D:3      | Reached XP level 4. HP: 24/24 MP: 7/12
  1906 | D:3      | Found Jeemyich's Book Shop.
  2100 | D:3      | Noticed Natasha
  2109 | D:3      | Killed Natasha
  2359 | D:3      | Noticed a black bear
  2579 | D:3      | Noticed Natasha
  2581 | D:3      | Killed Natasha
  2582 | D:3      | Reached XP level 5. HP: 28/28 MP: 12/14
  2588 | D:3      | Noticed Natasha
  2591 | D:3      | Killed Natasha
  2700 | D:3      | Found Uvinin's Vocational Training.
  3007 | D:4      | Reached skill level 5 in Spellcasting
  3011 | D:4      | Found a glowing drain.
  3074 | Sewer    | Entered a sewer
  3121 | Sewer    | Reached skill level 5 in Earth Magic
  3123 | Sewer    | HP: 1/28 [poisoned by a kobold]
  3123 | Sewer    | Slain by a kobold

Illustrated notes

Levels and vault maps discovered:
D:1:      sevenhm_arrival_forest_fort_small_3, layout_basic
D:2:      layout_basic, serial_shops, nicolae_shop_hallway_plus,
          nicolae_elevator_lobby_plus, uniq_terence
D:3:      layout_basic, serial_shops, shop, dreamdust_princess_bridge,
          minivault_27, nicolae_shop_vocational, uniq_natasha
D:4:      minmay_angry_zag, layout_cave_pools, serial_shops,
          nicolae_shop_statue_plus, portal_sewer_entry_f, grunt_decor_fettered,
          kennysheep_generic_room_6
Sewer:    kennysheep_pipe_town

Skill      XL: |  1  2  3  4  5 |
---------------+----------------+-----
Transmutations | 2 |  2.0
Spellcasting   | 4 5 |  5.0
Earth Magic    | 4 5 |  5.0
Conjurations   | 1 2 3 |  3.4
Dodging        | |  2.4
Stealth        | |  2.4

Action                     |  1- 3 |  4- 6 || total
---------------------------+-------+-------++-------
   Cast: Sandblast         |    54 |    37 ||    91
    Use: Scroll            |       |     4 ||     4
         Potion            |       |     1 ||     1
 Armour: Robe              |     1 |     3 ||     4
  Dodge: Dodged            |     6 |    13 ||    19
